Map: Divergence LE

Players

Massa - Winner!

  • Race: Terran Terran
  • League: Gold
  • Spawn Location: 11:00

qqq - Winner!

  • Race: Protoss Protoss
  • League: Platinum
  • Spawn Location: 11:00

ZeBask

  • Race: Protoss Protoss
  • Spawn Location: 5:00

Yazoubal

  • Race: Protoss Protoss
  • Spawn Location: 5:00

VOD

Have the link to the VOD?

Description

Time

  • Played on: June 6, 2020, 5:05 a.m.
  • Length: 3:50
Show
View Real Time Build Order
Export as new Build Order

Massa Terran - Winner!

Build Orders:  

Get SALT Encoding   

  12  0:12  Supply Depot  
  12  0:15  SCV  
  13  0:27  SCV  
  14  0:39  SCV  
  15  0:51  SCV  
  16  1:03  SCV  
  17  1:07  Barracks  
  17  1:14  Barracks  
  17  1:15  SCV  
  18  1:21  Refinery  
  18  1:27  SCV  
  19  1:40  SCV  
  20  1:52  SCV  
  21  1:57  Barracks  
  21  1:59  Marine  
  22  2:01  Marine  
  22  2:03  Barracks  
  22  2:06  Supply Depot  
  22  2:07  Supply Depot  
  23  2:24  Orbital Command  
  23  2:27  Marine x2  
  25  2:44  Marine  
  25  2:45  Marine x2  
  28  2:57  Factory, Marine  
  29  3:02  Marine  
  29  3:03  Marine x2  
  32  3:15  Marine  
Show
View Real Time Build Order
Export as new Build Order

qqq Protoss - Winner!

Build Orders:  

Get SALT Encoding   

  12  0:01  Probe  
  13  0:19  Pylon  
  13  0:25  Probe  
  14  0:37  Forge  
  14  0:45  Probe  
  15  1:01  Pylon  
  15  1:03  Pylon  
  15  1:05  Pylon  
  14  1:21  Photon Cannon  
  13  1:30  Probe  
  14  1:42  Probe  
  16  2:01  Probe  
  16  2:03  Photon Cannon  
  16  2:05  Photon Cannon  
  16  2:13  Probe, Pylon  
  17  2:19  Pylon  
  17  2:36  Pylon  
  16  2:47  Pylon  
  15  2:58  Probe  
  16  3:03  Gateway  
  16  3:37  Pylon  
  16  3:39  Pylon  
  16  3:41  Pylon  
Show
View Real Time Build Order
Export as new Build Order

ZeBask Protoss 

Build Orders:  

Get SALT Encoding   

  12  0:01  Probe  
  13  0:20  Pylon  
  13  0:24  Assimilator  
  13  0:27  Probe  
  14  0:45  Gateway  
  14  0:50  Probe  
  15  1:02  Probe  
  16  1:14  Probe  
  17  1:24  Gateway  
  17  1:42  Zealot  
  19  1:59  Probe  
  20  2:09  Zealot (Chrono Boost)  
  20  2:11  Probe  
  23  2:42  Pylon  
  23  2:46  Pylon  
  23  3:00  Zealot x2 (Chrono Boost)  
  23  3:24  Zealot x2 (Chrono Boost)  
Show
View Real Time Build Order
Export as new Build Order

Yazoubal Protoss 

Build Orders:  

Get SALT Encoding   

  12  0:03  Probe (Chrono Boost)  
  13  0:12  Probe (Chrono Boost)  
  14  0:20  Pylon  
  14  0:49  Gateway  
  14  0:50  Gateway  
  14  1:27  Gateway  
  14  1:37  Zealot (Chrono Boost)  
  18  1:41  Zealot (Chrono Boost)  
  18  2:02  Zealot (Chrono Boost)  
  22  2:10  Zealot (Chrono Boost)  
  22  2:42  Pylon  
  22  2:44  Zealot  
  22  2:45  Pylon  
  22  2:57  Zealot  
  22  3:11  Zealot  
  20  3:13  Zealot  
  11  3:33  Probe (Chrono Boost)  
  15  3:43  Probe (Chrono Boost)  
Tags
 
Add a new tag
Caveats
  • Supply blocks, unpowered buildings, or Contaminate may cause inaccurate times.
  • Supply counts are checked every 10 seconds.